 Dungeon Sprint DCSS version 0.21-a0-41-g5e91fef (webtiles) character file.

9 Kidiri the Magician (level 2, -4/16 HPs)
             Began as a Deep Elf Fire Elementalist on June 3, 2017.
             Slain by a hippogriff (6 damage)
             ... in the Dungeon (Sprint II: "The Violet Keep of Menkaure").
             The game lasted 00:01:19 (107 turns).

Kidiri the Magician (Deep Elf Fire Elementalist)     Turns: 107, Time: 00:01:20

Health: -4/16      AC:  2    Str:  5    XL:     2   Next: 6%
Magic:  6/9        EV: 13    Int: 19    God:
Gold:   243        SH:  0    Dex: 15    Spells: 6/9 levels left

rFire    . . .     SeeInvis .   (no weapon)
rCold    . . .     Gourm    .   (no shield)
rNeg     . . .     Faith    .   a - +0 robe
rPois    .         Spirit   .   (no helmet)
rElec    .         Reflect  .   (no cloak)
rCorr    .         Harm     .   (no gloves)
MR       .....     NoTele   +   (no boots)
Stlth    ++........             (no amulet)
Regen    0.1/turn               (no ring)
MPRegen  0.2/turn               (no ring)

@: very slightly contaminated
A: no striking features
a: no special abilities


You were in the Dungeon.
You were not hungry.

You visited 1 branch You collected 243 gold pieces.

Inventory:

Armour
 a - a +0 robe (worn)
Scrolls
 i - a scroll of blinking
Potions
 d - a potion of curing
 f - a potion of haste
 g - a potion of magic
 h - a potion of berserk rage
Books
 b - a book of Flames

   Spells                             Type                      Level
   a - Flame Tongue                   Conjuration/Fire             1
   b - Throw Flame                    Conjuration/Fire             2
   c - Conjure Flame                  Conjuration/Fire             3
   d - Inner Flame                    Hexes/Fire                   3
   e - Sticky Flame                   Conjuration/Fire             4
   f - Fireball                       Conjuration/Fire             5
Comestibles
 c - a bread ration
 j - 4 chunks of flesh


   Skills:
 + Level 1.0 Fighting
 + Level 1.0 Armour
 + Level 2.9 Dodging
 - Level 2.4 Stealth
 * Level 4.3 Spellcasting
 + Level 1.9 Conjurations
 + Level 3.6 Fire Magic


You had 6 spell levels left.
You knew the following spells:

 Your Spells              Type           Power        Failure   Level  Hunger
a - Flame Tongue          Conj/Fire      ##...        4%          1    None
b - Throw Flame           Conj/Fire      ##....       6%          2    #......


Dungeon Overview and Level Annotations

Branches:
Dungeon (1/1)

Altars:


Message History

Aim: a hippogriff (lightly wounded)
You miscast Flame Tongue.
You are very lightly contaminated with residual magic.
You smell something strange.
Casting: Flame Tongue
Confirm with . or Enter, or press ? or * to list all spells.
Aiming: Flame Tongue
Press: ? - help, Shift-Dir - straight line, f/p - hippogriff
Aim: a hippogriff (lightly wounded)
The flame tongue hits the hippogriff.
The hippogriff is lightly wounded.
The hippogriff bites you. The hippogriff pecks you. The hippogriff claws you.
* * * LOW HITPOINT WARNING * * *
Unknown command.
You feel much better. The hippogriff closely misses you.
The hippogriff pecks you. The hippogriff claws you.
You open the door. The hippogriff bites you.
* * * LOW HITPOINT WARNING * * *
The hippogriff pecks you.
You die...

## ## .# #.
### .#. #
#.###H# 3#
###.##H##3#
+.##'@<.+$#
#...##.##.3#
##.###+# 3#
### .#. # nn
nn ##. .##
## ##


You could see 2 hippogriffs.

Vanquished Creatures
  3 worms (D)
3 creatures vanquished.

Vanquished Creatures (others)
  Menkaure (D)
  A crocodile (D)
2 creatures vanquished.

Grand Total: 5 creatures vanquished

Notes
Turn   | Place    | Note
-------+----------+-------------------------------------------
     0 | D        | Kidiri the Deep Elf Fire Elementalist began the quest for the Orb.
     0 | D        | Reached XP level 1. HP: 10/10 MP: 6/6
    10 | D        | Reached skill level 4 in Spellcasting
    12 | D        | Reached skill level 1 in Fighting
    12 | D        | Reached skill level 1 in Armour
    12 | D        | Reached XP level 2. HP: 12/16 MP: 5/9
    16 | D        | Learned a level 2 spell: Throw Flame
    28 | D        | Killed a crocodile
    44 | D        | Killed Menkaure
    91 | D        | Noticed a neqoxec
    91 | D        | Noticed a neqoxec
    91 | D        | Noticed a neqoxec
    91 | D        | Noticed a neqoxec
    97 | D        | Noticed a necrophage
    97 | D        | Noticed a necrophage
    97 | D        | Noticed a necrophage
    97 | D        | Noticed a necrophage
   101 | D        | Noticed a hippogriff
   101 | D        | Noticed a hippogriff
   107 | D        | Slain by a hippogriff

Vault maps used:
D:        the_violet_keep_of_menkaure

Skill      XL: |  1 |
---------------+----+-----
Spellcasting   | 4 |  4.3
Fighting       | 1 |  1.0
Armour         | 1 |  1.0
Dodging        | |  2.9
Stealth        | |  2.4
Conjurations   | |  1.9
Fire Magic     | |  3.6

Action                   || total
-------------------------++-------
 Cast: Flame Tongue      ||    11
  Use: Potion            ||     2
Dodge: Dodged            ||     1
